[Event "Metz op 31th"]
[Site "Metz"]
[Date "2013.04.23"]
[Round "5"]
[White "Greenfeld, Alon"]
[Black "Bellahcene, Bilel"]
[Result "1-0"]
[ECO "A34"]
[WhiteElo "2545"]
[BlackElo "2367"]
[Annotator "Metz Alekhine/Primel,D"]
[PlyCount "57"]
[EventDate "2013.04.20"]
[EventType "swiss"]
[EventRounds "9"]
[EventCountry "FRA"]
[SourceTitle "EXT 2016"]
[Source "ChessBase"]
[SourceDate "2015.10.08"]
[SourceVersion "1"]
[SourceVersionDate "2015.10.08"]
[SourceQuality "1"]
[TimeControl "40/5400:1800+30"]
[WhiteClock "1:30:00"]
[BlackClock "1:30:00"]

1. Nf3 {83} Nf6 {90} 2. c4 c5 3. Nc3 Nc6 4. g3 d5 5. cxd5 Nxd5 6. Bg2 Nc7 {
La variante Rubinstein} 7. O-O e5 8. a3 (8. d3 {La grande ligne mais les
Blancs vont tenter de jouer le coup plus ambitieux d4} Be7 9. Nd2) 8... f6 {88}
(8... Be7 9. b4 $1) 9. e3 {68} (9. d3) 9... Be7 (9... Qd3 $5 10. Ne1 Qg6 11. d3
Be6 12. Qa4 Bd7 13. Nb5 Nxb5 {Svidler,P (2739)-Nepomniachtchi,I (2711) RUS-ch
64th Moscow 2011 (6) 1-0} (13... Ne6 14. Bd5 Ncd8 15. Qb3 a6 16. Nc3 {Svidler})
) (9... Bg4 10. h3 Bh5 11. d4 cxd4 12. exd4 exd4 {Adams,M (2728)-Perunovic,M 
(2577) Chicago op 21st 2012 (9) 1/2} (12... Nxd4 13. g4 $36 )) 10. d4 $1 cxd4 11. exd4 {64} exd4 {71} 12. Ne2 Ne6 13. b4 O-O
(13... d3 14. Nf4 Nxf4 15. Bxf4 O-O 16. b5 (16. Qb3+ Kh8 17. b5 Nd4 18. Qxd3 {
Bogosavljevic,B (2526)-Perunovic,M (2580) SRB-ch Kragujevac 2009 (5) 1/2} (18.
Nxd4 Qxd4 19. Rae1 Qc5 (19... Bc5 20. Bd5 Bb6 (20... Bh3 $2 21. Re4)))) 16...
Na5 17. Rc1 Bd6 18. Bd2 {Delchev,A (2625)-Nikolov,M (2571) BUL-ch 75th Bankia
2011 (8) 1-0} (18. Be3 Bxa3 19. Ra1 $14)) 14. b5 $146 (14. Bb2 d3 15. Nc1 Bd7
16. Re1 {Hansen,C (2560)-Milos,G (2540) Novi Sad ol (Men) 1990 (6) 1-0} (16.
Nxd3 Be8 17. Qe2 (17. Qb3 Bf7 $44) 17... Bf7)) 14... Na5 (14... Ne5 15. Nfxd4
Nxd4 16. Nxd4 Kh8 17. Bb2 Bg4 18. Qb3 Bc5 19. Ne6 Bxe6 20. Qxe6 Re8 $44) 15.
Nexd4 Nxd4 16. Nxd4 Bc5 17. Be3 Qb6 (17... Nc4 $132) 18. Qa4 Rd8 {Un coup naturel mais le futur vainqueur du tournoi va trouver une jolie
combinaison} 19. Nc6 $1 bxc6 (19... Bxe3 20. Nxd8 Qxd8 (20...
Bxf2+ 21. Rxf2) 21. fxe3 ) 20. Bxc5 Qxc5 21. Qxa5 Be6 22. Rfc1
$40 {Le tempo gagné sur la Q donne probablement une position gagnante au GMI}
Qxb5 23. Qxb5 cxb5 24. Bxa8 Rxa8 25. Rc7 $18 a5 26. Rb7 Bc4 27. Rd1 b4 28. axb4 a4 29. Rdd7 1-0

[Event "Cappelle op 32nd"]
[Site "Cappelle la Grande"]
[Date "2016.02.20"]
[Round "9"]
[White "Gurevich, Mikhail"]
[Black "Iturrizaga Bonelli, Eduardo"]
[Result "0-1"]
[ECO "A34"]
[WhiteElo "2542"]
[BlackElo "2624"]
[Annotator "Primel,D"]
[PlyCount "80"]
[EventDate "2016.02.13"]
[EventType "swiss"]
[EventRounds "9"]
[EventCountry "FRA"]
[SourceTitle "EXT 2017"]
[Source "ChessBase"]
[SourceDate "2016.10.25"]
[SourceVersion "1"]
[SourceVersionDate "2016.10.25"]
[SourceQuality "1"]
[TimeControl "40/5400+30:1800+30"]
[WhiteClock "0:33:19"]
[BlackClock "0:31:05"]

1. c4 Nf6 2. Nc3 c5 3. g3 d5 4. cxd5 Nxd5 5. Bg2 Nc7 6. Qb3 Nd7 7. Nf3 e5 8.
O-O Be7 9. e3 f5 $146 (9... O-O 10. Rd1 b5 11. d4 exd4 12. exd4 c4 13. Qc2 Rb8
14. Bf4 g5 15. Be3 f6 16. d5 Bc5 17. Nd4 Qe8 18. Ne6 Bd6 19. Ne4 Be5 20. Nxf8
Qxf8 21. f4 gxf4 22. gxf4 Bd6 23. Nxd6 Qxd6 24. Bxa7 Ra8 25. Bf2 Bb7 26. b3 Kh8
27. bxc4 bxc4 28. Qxc4 Rg8 29. Bg3 Nb6 30. Qd4 Nbxd5 31. f5 Qa6 32. Rab1 Bc8
33. a4 Qe2 34. Rd2 {1-0 (34) Hungaski,R (2478)-Macedo,M (2316) Natal 2016}) 10.
e4 f4 11. gxf4 exf4 12. d4 g5 13. Rd1 Rf8 14. dxc5 g4 15. e5 gxf3 16. Bxf3 Bxc5
17. Bh5+ Ke7 18. e6 Rf5 19. Bf7 (19. exd7 Bxd7 20. Bg4 Qg8 21. Rxd7+ $1 Kxd7
22. Qd1+ ) 19... Qh8 20. Ne4 Qe5 21. Qf3 Nxe6 22. Bxe6 Kxe6
23. Bd2 Kf7 24. Bc3 Qe7 25. Ng3 Ne5 26. Qd5+ Be6 27. Nxf5 Qg5+ 28. Qg2 Rg8 29.
Ng3 fxg3 30. Qxb7+ Qe7 31. Qxe7+ Kxe7 32. hxg3 Rxg3+ 33. Kh2 Rh3+ 34. Kg2 Nd3
35. Rh1 Nf4+ 36. Kg1 Ne2+ 37. Kg2 Nf4+ 38. Kg1 Rg3+ 39. Kf1 Bh3+ 40. Ke1 Rg2
0-1

[Event "Belgrade RAD 30"]
[Site "Belgrade"]
[Date "1977.01.28"]
[Round "11.4"]
[White "Bukic, Enver"]
[Black "Smejkal, Jan"]
[Result "0-1"]
[ECO "A34"]
[WhiteElo "2480"]
[BlackElo "2575"]
[Annotator "Primel,D"]
[PlyCount "114"]
[EventDate "1977.01.15"]
[EventType "tourn"]
[EventRounds "13"]
[EventCountry "SRB"]
[EventCategory "9"]
[SourceTitle "EXT 2018"]
[Source "ChessBase"]
[SourceDate "2017.10.13"]
[SourceVersion "1"]
[SourceVersionDate "2017.10.13"]
[SourceQuality "1"]
[TimeControl "40/9000:16/5400:0"]

1. Nf3 Nf6 2. c4 c5 3. Nc3 d5 4. cxd5 Nxd5 5. e4 Nb4 6. Bb5+ (6. Bc4) 6... N8c6
7. a3 (7. d4 $142 $1 {Ce coup n'était pas connu à l'époque}) 7... Nd3+ 8.
Ke2 Nf4+ 9. Kf1 Ne6 10. b4 Ned4 $15 11. Bc4 $146 (11. bxc5 Nxb5 12. Nxb5 a6 13.
Nc3 e5 14. Na4 Qd3+ 15. Qe2 Qb3 16. Nc3 Bxc5 17. Rb1 Qe6 18. Nd5 Qd6 19. d3 O-O
20. Be3 Bxe3 21. fxe3 Qxa3 22. Kf2 b5 23. Rhc1 Bb7 24. Nh4 Ne7 25. Nb6 Rad8 26.
Rc7 Bc8 27. Rbc1 Be6 28. Nf3 Qd6 29. Nxe5 Qxe5 30. Rxe7 Qf6+ 31. Kg1 Qxe7 {
0-1 (31) Gufeld,E-Timoscenko,G Kishinev 1975}) 11... Nxf3 12. Qxf3 e6 13. b5
Ne5 14. Qe2 Nxc4 15. Qxc4 Be7 16. d3 O-O 17. Be3 b6 18. Ke2 Bf6 $17 {[%csl Gc8,
Rd3,Gd4,Gf6] la position Blanche est déjà trés difficile face à la paire
de B} 19. Rhe1 (19. a4 Bb7 (19... a6 $5) 20. a5 $1 Qd7 21. a6 $132 ) 19... Bb7 20. Kf1 Qd7 21. a4 Rfd8 22. Rad1 $6 (22. Red1 $5 {[%cal Ga4a5]
Un moindre mal} a6) 22... a6 $1 23. bxa6 (23. Rb1 axb5 24. axb5 Ra5) 23... Rxa6
24. Rd2 Bxc3 25. Qxc3 Rxa4 26. Rb1 Qd6 27. Kg1 Ba6 28. Rbd1 h6 (28... e5 ) 29. h3 e5 30. f3 Ra8 $36 31. Rb1 Bc8 32. Rdb2 R8a6
{C'est probablement déjà gagnant pour les Noirs} 33. Kh2 Be6 34. Rd2 Ra3 35.
Qc2 Kh7 36. Qd1 Ra8 37. Qc2 Rd8 $40 38. Rbd1 Qb8 $1 {[%cal Gb8a7,Ga7a6,Ga6d3]
La majorité Noire n'est pas facile à mobiliser mais les Noirs vont trouver
une jolie manoeuvre pour activer la Q} 39. Rb1 Qa7 40. Bf2 Qa6 {[%cal Ga6d3,
Ga3d3,Gd8d3] Ajournement} 41. Bg3 f6 42. Rb2 Bf7 43. Rd1 Rd6 44. Rdb1 Qa7 45.
Bf2 Qc7 46. Be1 Qd8 47. Bf2 Rdxd3 48. Rxb6 Rd2 49. Qxc5 Raa2 $19 50. Kg1 Rxf2
51. Qxf2 Rxf2 52. Kxf2 Qd2+ 53. Kg1 h5 54. Rb7 Be6 55. R7b6 Bf7 56. R1b2 Qe3+
57. Kh2 h4 0-1

[Event "FIDE World Cup"]
[Site "Tbilisi"]
[Date "2017.09.17"]
[Round "5.4"]
[White "Svidler, Peter"]
[Black "Vachier Lagrave, Maxime"]
[Result "0-1"]
[ECO "A34"]
[WhiteElo "2756"]
[BlackElo "2804"]
[Annotator "Sagar Shah"]
[PlyCount "68"]
[EventDate "2017.09.03"]
[EventType "k.o."]
[EventRounds "7"]
[EventCountry "GEO"]
[SourceTitle "CBM 181"]
[Source "ChessBase"]
[SourceDate "2017.11.10"]
[SourceVersion "1"]
[SourceVersionDate "2017.11.10"]
[SourceQuality "1"]
[TimeControl "1500+10"]

1. c4 c5 2. Nf3 Nf6 3. Nc3 d5 4. cxd5 Nxd5 5. e4 {[%emt 0:00:00] The players continue their
debate in this topical line of the English.} Nb4 6. Bc4 Nd3+ 7. Ke2 Nf4+ 8. Kf1 Ne6 {[%emt 0:00:02] I have always found this line
to be very interesting. One knight moves around the board for six out of the
first eight moves, and yet Black is doing absolutely fine.} 9. h4 {[%emt 0:00:
08] Peter believes in his preparation, just like MVL did in game one he sticks
to his opening.} Nd4 10. d3 e6 {[%emt 0:00:
01] A new move.} ({In their first classical game of this match MVL had gone for
} 10... Nbc6 11. Nb5 Be6 12. Bf4 Nxb5 13. Bxb5 Qb6 14. Ba4 Qa6 15. Rc1 b5 16.
Bb3 Bxb3 17. Qxb3 e6 18. Be3 Na5 19. Qc3 b4 20. Qc2 Nb7 21. Qc4 $14 {1/2-1/2 
(41) Svidler,P (2756)-Vachier-Lagrave,M (2804) Tbilisi GEO 2017}) 11. Bf4 a6 {[%emt 0:01:09] Controlling the critical b5-square.} 12.
Nxd4 cxd4 13. Ne2 Nc6 {
[%emt 0:00:03] Already Black is to be preferred. If you were to keep the king
back on e1 and the pawn on h2, White's position would be preferable. But two
problems are just too much to rectify. It's not that White is worse. I just
feel that Black's moves are natural, while White's plans are not so easy to
find, at least in a rapid game.} 14. a3 Bd6 15. Bxd6 Qxd6 16. Qd2 Bd7 17. f4 e5 18. f5 g6 19. Ng3 Ne7 20. Qh6
{[%emt 0:00:54] As Peter said after the game, when he was chatting with MVL -
he didn't believe in this idea, but saw that it was interesting and went for
it.} O-O-O $1 {[%emt 0:00:19] The king will be well placed on b8.} 21. h5 Kc7 $3 {[%emt 0:03:08] "Kc7 was such a nasty move", were
Svidler's words after the game ended. In one stroke MVL is able to kill two
birds. First of all he is able to get his king off the eighth rank, so that
hxg6 ...hxg6 Qxh8 ...Rxh8 Rxh8 doesn't come with a check. And secondly the
queen on d6 is defended and gxf5 becomes possible. This move is easy to
dismiss, as one sees Rc1 and thinks that the king is misplaced on c7, but it
is not as MVL shows in the game.} 22. Bxf7 (22. hxg6 hxg6 23.
Qxh8 Rxh8 24. Rxh8 gxf5 25. exf5 Nxf5 $19 {Black is just better.}) (22. Rc1 {
The key idea is revealed after this move.} gxf5 $1 {Black is absolutely
fearless against the discovered check.} 23. Bxf7+ Bc6 $15 {White has no way to
take advantage.}) 22... gxf5 23. Qxd6+ (23.
Rc1+ Bc6 24. Qxd6+ Rxd6 25. Bb3 (25. exf5 Rf8 $17) 25... Rf8 26. Ke1 $15 {
might have been White's best chance.}) 23... Kxd6 24. exf5 Nxf5 25. Ne4+ (25. Nxf5+ Bxf5
26. Ke2 Rd7 27. Bb3 Rg7 $19 {White is already in big trouble.}) 25... Ke7 26. Bb3 Ne3+ {[%emt 0:01:52] The knight on e3
is a monster.} 27. Ke2 Bc6 28. Rac1 Rhf8 29. Rh3 Nxg2 {[%emt 0:01:56]
With simple and strong moves, Black has a completely winning position. Now
Svidler becomes desperate.} 30. Rxc6 bxc6 31.
Rg3 Nf4+ 32. Ke1 Rb8 33. Rg7+ Kd8 34. Bf7 Rb7 {[%emt 0:00:15] An excellent game by MVL, particularly the
move 21...Kc7.} 0-1